 Dungeon Crawl Stone Soup version 0.19.1-1-g22dce08 (webtiles) character file.

176 godfroggy the Conjurer (level 5, 0/28 HPs)
             Began as a Deep Elf Conjurer on Jan 5, 2017.
             Killed by divine providence
             ... invoked by an orc priest
              (8 damage)
             ... on level 4 of the Dungeon.
             The game lasted 00:15:40 (4181 turns).

godfroggy the Conjurer (Deep Elf Conjurer)          Turns: 4181, Time: 00:15:41

Health: 0/28       AC:  4    Str:  9    XL:     5   Next: 30%
Magic:  8/11       EV: 13    Int: 21    God:
Gold:   120        SH:  0    Dex: 15    Spells: 2 memorised, 4 levels left

rFire  . . .     SeeInvis .     (no weapon)
rCold  . . .     Gourm    .     a - +2 robe
rNeg   + . .     Faith    .     (no shield)
rPois  .         Spirit   .     (no helmet)
rElec  .         Reflect  .     (no cloak)
rCorr  .         Harm     .     (no gloves)
MR     .....                    (no boots)
Stlth  ++........               (no amulet)
                                n - ring of positive energy
                                m - +4 ring of strength

@: no status effects
A: no striking features
a: no special abilities


You were on level 4 of the Dungeon.
You were hungry.

You visited 1 branch of the dungeon, and saw 4 of its levels.

You collected 120 gold pieces.

Inventory:

Armour
 a - a +2 robe (worn)
Jewellery
 m - a +4 ring of strength (left hand)
 n - a ring of positive energy (right hand)
Scrolls
 d - 2 scrolls of enchant armour
 q - 2 scrolls of remove curse {unknown}
 u - a scroll of teleportation {unknown}
Potions
 e - a potion of brilliance {unknown}
 g - a potion of lignification {unknown}
 h - 2 potions of heal wounds {unknown}
 i - 2 potions of haste {unknown}
 j - 2 potions of degeneration {unknown}
 k - 2 potions of might {unknown}
 o - a potion of flight {unknown}
 p - a potion of berserk rage {unknown}
Books
 b - a book of Conjurations

   Spells                             Type                      Level
   a - Magic Dart                     Conjuration                  1
   b - Searing Ray                    Conjuration                  2
   c - Dazzling Spray                 Conjuration/Hexes            3
   d - Fulminant Prism                Conjuration/Hexes            4
   e - Iskenderun's Mystic Blast      Conjuration                  4
   f - Iskenderun's Battlesphere      Conjuration/Charms           5
 s - a book of Cantrips

   Spells                             Type                      Level
   a - Confusing Touch                Hexes                        1
   b - Animate Skeleton               Necromancy                   1
   c - Summon Small Mammal            Summoning                    1
   d - Apportation                    Translocation                1
Comestibles
 c - 2 bread rations
 f - 2 meat rations
 l - a slice of pizza
 r - a beef jerky


   Skills:
 - Level 2.4 Dodging
 - Level 2.4 Stealth
 - Level 3.0 Spellcasting
 * Level 7.3 Conjurations
 * Level 0.0 Charms


You had 4 spell levels left.
You knew the following spells:

 Your Spells              Type           Power        Failure   Level  Hunger
a - Magic Dart            Conj           ####         1%          1    None
b - Iskenderun's Battles  Conj/Chrm      ###.....     87%         5    ######.


Dungeon Overview and Level Annotations

Branches:
Dungeon (4/15)
 Temple: D:4-7

Altars:
Elyvilon
Hepliaklqana
Uskayaw


Message History

Aiming: Magic Dart
Press: ? - help, Shift-Dir - straight line, f/p - orc priest
Aim: an orc priest, wielding a dagger (severely wounded)
The magic dart hits the orc priest.
The orc priest is severely wounded.
Casting: Magic Dart
Confirm with . or Enter, or press ? or * to list all spells.
Aiming: Magic Dart
Press: ? - help, Shift-Dir - straight line, f/p - orc priest
Aim: an orc priest, wielding a dagger (severely wounded)
The magic dart hits the orc priest.
The orc priest is severely wounded.
The orc priest mumbles some strange prayers to Beogh against you.
Beogh smites you!
The orc priest invokes the aid of Beogh against you.
Beogh smites you!
* * * LOW HITPOINT WARNING * * *
The orc priest mumbles some strange prayers to Beogh against you.
Beogh smites you!
You die...

..# ##..# #..###..## ##....# ..#
#..## ##.## ##..#####......
..####..#####..# ##...#........
....#.........## ##....####...
..............# ##...## ###
.....########.## ##....# .....#
#..# ##.....# .....#
#..####..#..## .....#
##..@...o...##
.....#########...##.oo...# ###.
##......#......######....##.....
##.............## #...........
#...#....#####..# ##.....>...#
#..##....(# #..# ##.%.....##
..###......####.## ###.......##
..# #...........o###o........#
.## #............o...o###...##


You could see an orc priest and 2 orcs.

Vanquished Creatures
  A scorpion (D:4)
  4 adders
  2 oozes
  A worm (D:3)
  A dart slug (D:1)
  A leopard gecko (D:2)
  An orc (D:4)
  3 giant cockroaches
  12 goblins
  8 hobgoblins
  9 jackals
  A quokka (D:2)
  A ball python (D:1)
  7 bats
  6 frilled lizards
  11 kobolds
  7 rats
76 creatures vanquished.

Notes
Turn   | Place    | Note
-------+----------+-------------------------------------------
     0 | D:1      | godfroggy the Deep Elf Conjurer began the quest for the Orb.
     0 | D:1      | Reached XP level 1. HP: 10/10 MP: 6/6
   203 | D:1      | Reached XP level 2. HP: 15/15 MP: 0/8
   444 | D:1      | Reached skill level 5 in Conjurations
  1181 | D:1      | Reached XP level 3. HP: 19/19 MP: 6/9
  1887 | D:2      | Reached skill level 6 in Conjurations
  2014 | D:2      | Reached XP level 4. HP: 24/24 MP: 5/10
  2194 | D:2      | Found a hide-covered altar of Uskayaw.
  3381 | D:3      | Found a white marble altar of Elyvilon.
  3381 | D:3      | Found a hazy altar of Hepliaklqana.
  3886 | D:4      | Reached skill level 7 in Conjurations
  3886 | D:4      | Reached XP level 5. HP: 28/28 MP: 4/11
  3944 | D:4      | Learned a level 5 spell: Iskenderun's Battlesphere
  4181 | D:4      | Killed from afar by an orc priest

Skill      XL: |  1  2  3  4 |
---------------+-------------+-----
Conjurations   | 5 6 7 |  7.3
Dodging        | |  2.4
Stealth        | |  2.4
Spellcasting   | |  3.0

Action                   |  1- 3 |  4- 6 || total
-------------------------+-------+-------++-------
 Cast: Magic Dart        |    66 |    81 ||   147
  Use: Scroll            |     5 |       ||     5
  Eat: Chunk             |     3 |     6 ||     9
Armor: Robe              |       |     3 ||     3
Dodge: Dodged            |     2 |     7 ||     9
